 Dungeon Sprint DCSS version 0.21-a0-154-gb5400c9 (webtiles) character file.

4229 Lunath the Bludgeoner (level 10, 0/100 HPs)
             Began as a Minotaur Berserker on Aug 2, 2017.
             Was a High Priest of Trog.
             Slain by a 12-headed hydra (6 damage)
             ... while paralysed by a floating eye
             ... in the Dungeon (Sprint I: "Red Sonja").
             The game lasted 00:04:36 (1977 turns).

Lunath the Bludgeoner (Minotaur Berserker)          Turns: 1977, Time: 00:04:37

Health: 0/100      AC:  4    Str: 22    XL:     10   Next: 9%
Magic:  9/9        EV:  2    Int:  4    God:    Trog [*****.]
Gold:   540        SH:  0    Dex: 13    Spells: 9/9 levels left

rFire    . . .     SeeInvis .   a - +0 mace
rCold    . . .     Gourm    .   (no shield)
rNeg     . . .     Faith    .   m - +0 leather armour
rPois    .         Spirit   .   (helmet restricted)
rElec    .         Reflect  .   (no cloak)
rCorr    .         Harm     .   (no gloves)
MR       ++...     NoTele   +   (no boots)
Stlth    +.........             (no amulet)
HPRegen  1.26/turn              (no ring)
MPRegen  0.11/turn              (no ring)

@: paralysed, regenerating
A: retaliatory headbutt, horns 2
a: Berserk, Trog's Hand, Brothers in Arms, Burn Spellbooks, Renounce Religion


You were in the Dungeon.
You worshipped Trog.
Trog was extremely pleased with you.
You were not hungry.

You visited 1 branch You collected 540 gold pieces.

Inventory:

Hand Weapons
 a - a +0 mace (weapon)
Armour
 m - a +0 leather armour (worn)
Wands
 j - a wand of digging (23/24)
Potions
 d - a potion of curing
 e - a potion of heal wounds
 f - a potion of haste
 g - 2 potions of magic
 h - a potion of berserk rage
 l - a potion of flight {unknown}
Comestibles
 b - 16 chunks of flesh


   Skills:
 + Level 12.9 Fighting
 * Level 17.1 Maces & Flails
 + Level 12.7 Armour
 + Level 11.7 Dodging


You had 9 spell levels left.
You didn't know any spells.

Dungeon Overview and Level Annotations

Branches:
Dungeon (1/1)

Altars:
Cheibriados
Dithmenos
Elyvilon
Fedhas
Gozag
Hepliaklqana
Kikubaaqudgha
Makhleb
Okawaru
Qazlal
Ru
Sif Muna
Trog
Uskayaw
Vehumet
Wu Jian
Xom
Yredelemnul
Zin
The Shining One
Jiyva
Lugonu

Shops:
D !


Innate Abilities, Weirdness & Mutations

You reflexively headbutt those who attack you in melee.
You have a pair of horns on your head.


Message History

The floating eye's stare focuses on you.
Your skin crawls.
You feel resistant to hostile enchantments.
You feel quite a bit more hungry.
The 12-headed hydra bites you but does no damage.
The 12-headed hydra misses you. x2; The 12-headed hydra barely misses you.
The 12-headed hydra closely misses you. The 12-headed hydra bites you! x2
The 12-headed hydra closely misses you. The 12-headed hydra bites you.
The 12-headed hydra bites you but does no damage.
The 12-headed hydra barely misses you.
The 12-headed hydra completely misses you.
The floating eye gazes piercingly through you!
You suddenly lose the ability to move!
The 12-headed hydra bites you! The 12-headed hydra bites you. x2
The 12-headed hydra bites you!
* * * LOW HITPOINT WARNING * * *
The 12-headed hydra bites you!
* * * LOW HITPOINT WARNING * * *
The 12-headed hydra bites you.
You die...

######################
)..#..#..§.'÷§§§@DG.$#
...##'#§####§.§§T##$.+
...).§#§# ##.§§## ##
####..§§# ###+# #§####
#... #.... ###§.. ..§#


You could see a 12-headed hydra, a floating eye and a friendly troll (berserk).

Vanquished Creatures
  A gargoyle (D)
  2 kobold demonologists (D)
  A demonic crawler (D)
  A slime creature (D)
  A yak (D)
  Sigmund (D)
  13 hogs (D)
  A floating eye (D)
  An ogre (D)
  A jelly (D)
  Ijyb (D)
24 creatures vanquished.

Vanquished Creatures (collateral kills)
  A lindwurm (D)
  3 demonic crawlers (D)
4 creatures vanquished.

Vanquished Creatures (others)
  A gargoyle (D)
1 creature vanquished.

Grand Total: 29 creatures vanquished

Notes
Turn   | Place    | Note
-------+----------+-------------------------------------------
     0 | D        | Lunath the Minotaur Berserker began the quest for the Orb.
     0 | D        | Reached XP level 1. HP: 19/19 MP: 0/0
     1 | D        | Noticed Ijyb
    19 | D        | Killed Ijyb
    19 | D        | Reached skill level 5 in Maces & Flails
    19 | D        | Reached XP level 2. HP: 15/28 MP: 1/1
   201 | D        | Noticed an ogre
   204 | D        | Killed an ogre
   204 | D        | Reached skill level 7 in Maces & Flails
   204 | D        | Reached skill level 5 in Armour
   204 | D        | Reached XP level 3. HP: 31/37 MP: 2/2
   204 | D        | Reached XP level 4. HP: 38/44 MP: 3/3
   326 | D        | Noticed Sigmund
   332 | D        | Killed Sigmund
   332 | D        | Reached ** piety under Trog
   332 | D        | Reached skill level 9 in Maces & Flails
   332 | D        | Reached XP level 5. HP: 41/52 MP: 4/4
   379 | D        | Found an ornate altar of the Wu Jian Council.
   379 | D        | Found a deep blue altar of Sif Muna.
   381 | D        | Found a radiant altar of Vehumet.
   384 | D        | Reached skill level 10 in Maces & Flails
   384 | D        | Reached XP level 6. HP: 41/61 MP: 5/5
   430 | D        | Found Celixtoi's Distillery.
   430 | D        | Found an ancient bone altar of Kikubaaqudgha.
   430 | D        | Found a hazy altar of Hepliaklqana.
   430 | D        | Found a stormy altar of Qazlal.
   430 | D        | Found a hide-covered altar of Uskayaw.
   430 | D        | Found a blossoming altar of Fedhas.
   430 | D        | Found a bloodstained altar of Trog.
   430 | D        | Found an iron altar of Okawaru.
   430 | D        | Found a basalt altar of Yredelemnul.
   430 | D        | Found a glowing golden altar of the Shining One.
   430 | D        | Found a snail-covered altar of Cheibriados.
   430 | D        | Found a sacrificial altar of Ru.
   430 | D        | Found a glowing silver altar of Zin.
   430 | D        | Found a shadowy altar of Dithmenos.
   430 | D        | Found a white marble altar of Elyvilon.
   430 | D        | Noticed a yak
   439 | D        | Killed a yak
   439 | D        | Reached skill level 11 in Maces & Flails
   499 | D        | Killed a gargoyle
   573 | D        | Found an opulent altar of Gozag.
   681 | D        | Found a viscous altar of Jiyva.
   681 | D        | Found a corrupted altar of Lugonu.
   681 | D        | Noticed a slime creature
   682 | D        | Found a burning altar of Makhleb.
   682 | D        | Found a shimmering altar of Xom.
   691 | D        | Killed a slime creature
   691 | D        | Reached *** piety under Trog
   691 | D        | Reached skill level 12 in Maces & Flails
   691 | D        | Reached XP level 7. HP: 20/70 MP: 6/6
   955 | D        | Noticed a kobold demonologist
   956 | D        | Noticed a kobold demonologist
   957 | D        | Paralysed by a floating eye for 4 turns
   958 | D        | Noticed a chaos spawn
   965 | D        | Noticed a rust devil
   967 | D        | Killed a kobold demonologist
   968 | D        | Paralysed by a floating eye for 4 turns
   969 | D        | Noticed a rust devil
   974 | D        | Reached skill level 10 in Fighting
   974 | D        | Reached skill level 13 in Maces & Flails
   979 | D        | Killed a kobold demonologist
   979 | D        | Reached **** piety under Trog
   979 | D        | Reached skill level 10 in Armour
   979 | D        | Reached XP level 8. HP: 62/80 MP: 7/7
  1049 | D        | Noticed a demonic crawler
  1049 | D        | Noticed a demonic crawler
  1049 | D        | Noticed a demonic crawler
  1049 | D        | Noticed a demonic crawler
  1252 | D        | Killed a demonic crawler
  1252 | D        | Reached skill level 14 in Maces & Flails
  1257 | D        | Killed a demonic crawler
  1258 | D        | Killed a demonic crawler
  1262 | D        | Killed a demonic crawler
  1262 | D        | Reached skill level 10 in Dodging
  1484 | D        | Noticed a gargoyle
  1495 | D        | Killed a gargoyle
  1495 | D        | Reached skill level 15 in Maces & Flails
  1495 | D        | Reached XP level 9. HP: 83/89 MP: 8/8
  1532 | D        | Noticed a lindwurm
  1540 | D        | HP: 4/89 [lindwurm/blast of flame (23)]
  1542 | D        | Killed a lindwurm
  1834 | D        | Reached skill level 16 in Maces & Flails
  1838 | D        | Reached ***** piety under Trog
  1854 | D        | Reached XP level 10. HP: 100/100 MP: 9/9
  1855 | D        | Reached skill level 17 in Maces & Flails
  1856 | D        | Reached ****** piety under Trog
  1973 | D        | Noticed a 12-headed hydra
  1976 | D        | Paralysed by a floating eye for 2 turns
  1977 | D        | Slain by a 12-headed hydra

Vault maps used:
D:        dungeon_sprint_1

Skill      XL: |  1  2  3  4  5  6  7  8  9 10 |
---------------+-------------------------------+-----
Fighting       | 4 6 7 9 10 11 12 | 12.9
Maces & Flails | 5 7 9 10 12 13 15 16 17 | 17.1
Armour         | 3 5 7 8 10 11 12 | 12.7
Dodging        | 3 4 6 7 9 10 11 | 11.7

Action                   |  1- 3 |  4- 6 |  7- 9 | 10-12 || total
-------------------------+-------+-------+-------+-------++-------
Melee: Mace              |    18 |    23 |    64 |     2 ||   107
       Headbutt          |     4 |     9 |    18 |     1 ||    32
Invok: Berserk           |     2 |     2 |     5 |       ||     9
       Trog's Hand       |       |       |     3 |     1 ||     4
       Brothers in Arms  |       |       |     2 |     1 ||     3
  Use: Scroll            |       |       |     2 |       ||     2
  Eat: Meat ration       |       |     1 |     1 |       ||     2
       Bread ration      |       |       |     1 |       ||     1
Armor: Animal skin       |     1 |     1 |       |       ||     2
       Leather armour    |       |     1 |    18 |     6 ||    25
Dodge: Dodged            |     6 |     8 |    55 |    13 ||    82
